 Dungeon Crawl Stone Soup version 0.21-a0-529-g8c7b3f5 (webtiles) character file.

135 slep the Chopper (level 4, -5/34 HPs)
             Began as a Demonspawn Gladiator on Dec 12, 2017.
             Was an Initiate of Okawaru.
             Slain by an ogre
             ... wielding a +0 giant club
              (21 damage)
             ... on level 4 of the Dungeon.
             The game lasted 00:08:38 (1935 turns).

slep the Chopper (Demonspawn Gladiator)             Turns: 1935, Time: 00:08:39

Health: -5/34      AC:  6    Str: 14    XL:     4   Next: 96%
Magic:  4/4        EV: 13    Int: 10    God:    Okawaru [......]
Gold:   128        SH:  0    Dex: 15    Spells: 3/3 levels left

rFire    . . .     SeeInvis .   a - +0 war axe
rCold    . . .     Gourm    .   (no shield)
rNeg     . . .     Faith    .   b - +0 leather armour
rPois    .         Spirit   .   c - +0 helmet
rElec    .         Reflect  .   (no cloak)
rCorr    .         Harm     .   l - +0 pair of gloves
MR       .....     Rnd*Tele +   e - +0 pair of boots
Stlth    +.........             k - amulet of inaccuracy (curse)
HPRegen  0.11/turn              n - ring of teleportation (curse)
MPRegen  0.09/turn              (no ring)

@: no status effects
A: talons 1, spiny 1
a: Renounce Religion


You were on level 4 of the Dungeon.
You worshipped Okawaru.
Okawaru was noncommittal.
You were not hungry.

You visited 1 branch of the dungeon, and saw 4 of its levels.

You collected 128 gold pieces.

Inventory:

Hand Weapons
 a - a +0 war axe (weapon)
Missiles
 d - 2 throwing nets (quivered)
Armour
 b - a +0 leather armour (worn)
 c - a +0 helmet (worn)
 e - a +0 pair of boots (worn)
 l - a +0 pair of gloves (worn)
Jewellery
 k - a cursed amulet of inaccuracy (around neck)
 n - a cursed ring of teleportation (left hand)
Scrolls
 g - 3 scrolls of identify {unknown}
 j - 3 scrolls of immolation {unknown}
 m - 2 scrolls of noise {unknown}
 q - a scroll of enchant armour {unknown}
 r - a scroll of teleportation {unknown}
 s - 2 scrolls of remove curse {unknown}
 u - a scroll of random uselessness {unknown}
Potions
 h - a potion of heal wounds
 i - 2 potions of agility {unknown}
 v - a potion of invisibility {unknown}
Comestibles
 f - 4 bread rations
 o - 2 royal jellies
 p - 3 fruits


   Skills:
 + Level 2.9 Fighting
 + Level 3.9 Axes
 + Level 1.8 Throwing
 + Level 1.0 Armour
 + Level 3.5 Dodging
 + Level 0.1 Stealth


You had 3 spell levels left.
You didn't know any spells.

Dungeon Overview and Level Annotations

Branches:
Dungeon (4/15)
 Temple: D:4-7

Altars:
Nemelex Xobeh
Okawaru
The Shining One


Innate Abilities, Weirdness & Mutations

You have sharp toenails.
You are partially covered in sharp spines.


Message History

The ogre shouts!
A leopard gecko comes into view.
The leopard gecko hisses angrily.
Found 8 gold pieces and a scroll labeled BAMUUTHRYLY.
The leopard gecko is struck by your spines.
The leopard gecko barely misses you. The leopard gecko misses you.
The leopard gecko is struck by your spines.
You kill the leopard gecko!
Okawaru accepts your kill.
You closely miss the ogre. The ogre hits you with a giant club!!
Ouch! That really hurt!
Throwing (i - inventory):
d - 3 throwing nets (quivered)
Press: ? - help, Shift-Dir - straight line, f - ogre
Aim: an ogre, wielding a giant club You throw a throwing net.
The throwing net closely misses the ogre.
The ogre hits you with a giant club!!
Ouch! That really hurt!
You die...

...........#
...........#
.........>.
.......... #####
#.......#####(..####
+.......#..........#
#.......+......O.†.#
#...<...#..?..$.@..#
#.......########+###
######.....# #.....#
+....%# #.....#
#..r.... #........
#........


You could see an ogre.

Vanquished Creatures
  2 adders
  A gnoll (D:3)
  2 oozes (D:2)
  3 worms (D:3)
  A dart slug (D:1)
  5 leopard geckos
  4 giant cockroaches
  9 goblins
  11 hobgoblins
  12 jackals
  A ball python (D:2)
  6 bats
  7 frilled lizards
  10 kobolds
  3 rats
77 creatures vanquished.

Notes
Turn   | Place    | Note
-------+----------+-------------------------------------------
     0 | D:1      | slep the Demonspawn Gladiator began the quest for the Orb.
     0 | D:1      | Reached XP level 1. HP: 16/16 MP: 1/1
    94 | D:1      | Gained mutation: You have sharp toenails. [demonic ancestry]
    94 | D:1      | Reached XP level 2. HP: 12/22 MP: 2/2
   179 | D:1      | Found a sparkling altar of Nemelex Xobeh.
   430 | D:2      | Reached XP level 3. HP: 14/28 MP: 3/3
   765 | D:2      | Gained mutation: You are partially covered in sharp spines. [demonic ancestry]
   765 | D:2      | Reached XP level 4. HP: 3/34 MP: 4/4
   770 | D:2      | HP: 1/34 [kobold/short sword (3)]
  1359 | D:2      | Found a glowing golden altar of the Shining One.
  1676 | D:3      | Found an iron altar of Okawaru.
  1684 | D:3      | Reached skill level 1 in Armour
  1693 | D:3      | Became a worshipper of Warmaster Okawaru
  1930 | D:4      | Noticed an ogre
  1935 | D:4      | Slain by an ogre

Vault maps used:
D:1:      dpeg_arrival_tiny_c, nemelex_xobeh_ov_fountains_minmay
D:2:      corexii_hall_statues_l, st_stairs_14, tso_altar
D:3:      okawaru_altar_gauntlet_db
D:4:      cheibrodos_quashed, zin_angel, uniq_sigmund

Skill      XL: |  1  2  3  4 |
---------------+-------------+-----
Dodging        | 3 |  3.5
Axes           | 3 |  3.9
Armour         | 1 |  1.0
Fighting       | |  2.9
Throwing       | |  1.8
Stealth        | |  0.1

Action                   |  1- 3 |  4- 6 || total
-------------------------+-------+-------++-------
Melee: War axe           |   158 |    67 ||   225
Throw: Throwing net      |       |     1 ||     1
  Use: Potion            |     1 |       ||     1
 Stab: Sleeping          |       |     1 ||     1
  Eat: Chunk             |       |     4 ||     4
Armor: Leather armour    |    80 |    19 ||    99
Dodge: Dodged            |   175 |    69 ||   244

Table legend:
 A = Spawn XP
 B = Non-spawn XP
 C = Spawn XP percentage of total XP
 D = Spawn monster count
 E = Non-spawn monster count
 F = Spawn count percentage of total count
 G = Total turns spent on level
                    A         B        C        D         E        F      G
               +---------+---------+-------+---------+---------+-------+---------
         Total |       0 |     193 |   0.0 |       0 |      77 |   0.0 |  1935
               +---------+---------+-------+---------+---------+-------+---------
           D:1 |       0 |      38 |   0.0 |       0 |      20 |   0.0 |   402
           D:2 |       0 |      80 |   0.0 |       0 |      32 |   0.0 |  1011
           D:3 |       0 |      72 |   0.0 |       0 |      24 |   0.0 |   515
           D:4 |       0 |       3 |   0.0 |       0 |       1 |   0.0 |     7
               +---------+---------+-------+---------+---------+-------+---------
